 Dungeon Crawl Stone Soup version 0.30-a0-42-g806c11bf1d (webtiles) character file.

Game seed: 11160602229174245946

447 Nattfarinn the Grave Robber (level 7, -3/47 HPs)
             Began as a Human Necromancer on Aug 30, 2022.
             Slain by a black bear (12 damage)
             ... on level 3 of the Dungeon.
             The game lasted 00:12:57 (4282 turns).

Nattfarinn the Grave Robber (Human Necromancer)     Turns: 4282, Time: 00:12:57

Health: -3/47      AC:  2    Str:  8    XL:     7   Next: 24%
Magic:  6/13       EV: 12    Int: 18    God:
Gold:   97         SH:  0    Dex: 13    Spells: 8/14 levels left

rFire   . . .      SeeInvis .    c - +0 rapier (speed)
rCold   . . .      Faith    .    (no shield)
rNeg    . . .      Spirit   .    a - +0 robe
rPois   .          Reflect  .    (no helmet)
rElec   .          Harm     .    (no cloak)
rCorr   .          Rampage  .    (no gloves)
Will    .....                    (no boots)
Stlth   ++........               (no amulet)
HPRegen 0.15/turn                p - ring of wizardry
MPRegen 0.13/turn                (no ring)

@: no status effects
A: no striking features
a: no special abilities


You were on level 3 of the Dungeon.
You visited 1 branch of the dungeon, and saw 4 of its levels.

You collected 97 gold pieces.

Inventory:

Hand Weapons
 c - a +0 rapier of speed (weapon)
 e - a +0 short sword of flaming
 q - a +3 longbow
Armour
 a - a +0 robe (worn)
Jewellery
 p - a ring of wizardry (left hand)
Scrolls
 k - a scroll of amnesia {unknown}
 l - 4 scrolls of enchant armour
 n - a scroll of vulnerability {unknown}
 o - a scroll of torment {unknown}
 t - a scroll of summoning {unknown}
 u - a scroll of teleportation {unknown}
Potions
 b - 2 potions of magic
 d - 2 potions of might
 g - a potion of brilliance {unknown}
 h - a potion of berserk rage {unknown}
 i - a potion of lignification {unknown}
 j - a potion of flight {unknown}
 m - 3 potions of curing
 r - a potion of heal wounds {unknown}


   Skills:
 * Level 0.9 Fighting
 + Level 0.4 Short Blades
 - Level 2.0 Dodging
 - Level 2.0 Stealth
 - Level 4.0 Spellcasting
 - Level 6.9 Necromancy


You had 8 spell levels left.
You knew the following spells:

 Your Spells              Type           Power      Damage    Failure   Level
a - Necrotise             Necr           100%       1d9       1%          1
b - Freeze                Ice            12%        1d4       6%          1
c - Animate Dead          Necr           28%        N/A       3%          4

Your spell library contained the following spells:

 Spells                   Type           Power      Damage    Failure   Level
 Vampiric Draining        Necr           28%        2d8       1%          3
 Agony                    Necr           28%        N/A       10%         5
 Gell's Gravitas          Tloc           3%         N/A       17%         3
 Teleport Other           Tloc           3%         N/A       17%         3
 Dispersal                Tloc           1%         N/A       100%        6


Dungeon Overview and Level Annotations

Branches:
Dungeon (4/15)             Temple (0/1) D:4

Altars:
Sif Muna


Message History

Aiming: Necrotise (safe; 1% risk of failure)
Press: ? - help, Shift-Dir - straight line, f/p - black bear
Aim: a black bear (lightly wounded, chance to affect: 83%)
The black bear writhes in agony!
The black bear completely misses you. The black bear claws you.
The black bear claws you but does no damage.
Casting: Necrotise (safe; 1% risk of failure)
Confirm with . or Enter, or press ? or * to list all spells.
Aiming: Necrotise (safe; 1% risk of failure)
Press: ? - help, Shift-Dir - straight line, f/p - black bear
Aim: a black bear (heavily wounded, chance to affect: 83%)
The black bear writhes in agony.
The black bear closely misses you. The black bear claws you.
The black bear closely misses you.
Casting: Necrotise (safe; 1% risk of failure)
Confirm with . or Enter, or press ? or * to list all spells.
Aiming: Necrotise (safe; 1% risk of failure)
Press: ? - help, Shift-Dir - straight line, f/p - black bear
Aim: a black bear (heavily wounded, chance to affect: 83%)
The black bear writhes in agony!
The black bear bites you.
The black bear claws you but does no damage.
The black bear claws you.
* * * LOW HITPOINT WARNING * * *
Casting: Necrotise (safe; 1% risk of failure)
Confirm with . or Enter, or press ? or * to list all spells.
Aiming: Necrotise (safe; 1% risk of failure)
Press: ? - help, Shift-Dir - straight line, f/p - black bear
Aim: a black bear (severely wounded, chance to affect: 83%)
The black bear writhes in agony.
The black bear goes berserk!
Casting: Necrotise (safe; 1% risk of failure)
Confirm with . or Enter, or press ? or * to list all spells.
Aiming: Necrotise (safe; 1% risk of failure)
Press: ? - help, Shift-Dir - straight line, f/p - black bear
Aim: a black bear (almost dead, berserk, chance to affect: 83%)
The black bear writhes in agony.
The black bear completely misses you. The black bear claws you.
* * * LOW HITPOINT WARNING * * *
The black bear claws you.
* * * LOW HITPOINT WARNING * * *
The black bear bites you!
You die...

########## #....>...#
#........# ##
#........# ##########.
#........# #.......##.
#.....@..# #.......##.
#......h.# #.......##.
#........####.......###
#...................#
##'###..............#
#.# #..............###
#.# ################..
####'####...#### #..
#..............# #..


You could see a black bear (berserk).

Vanquished Creatures
  Sigmund (D:3)
  An ogre (D:4)
  A howler monkey (D:3)
  A hound (D:4)
  An orc priest (D:4)
  A jelly (D:3)
  2 adders
  A worm (D:3)
  3 dart slugs
  A ball python (D:2)
  4 bats
  3 endoplasms
  A giant cockroach (D:3)
  3 goblins (D:3)
  6 hobgoblins
  4 jackals (D:2)
  2 quokkas
  3 frilled lizards
  4 kobolds
  4 rats
47 creatures vanquished.

Vanquished Creatures (collateral kills)
  A hobgoblin (D:1)
  2 bats (D:2)
  A frilled lizard (D:2)
  A rat (D:3)
5 creatures vanquished.

Grand Total: 52 creatures vanquished

Notes
Turn   | Place    | Note
-------+----------+-------------------------------------------
     0 | D:1      | Nattfarinn the Human Necromancer began the quest for the
                  | Orb.
     0 | D:1      | Reached XP level 1. HP: 13/13 MP: 3/3
   576 | D:1      | Reached XP level 2. HP: 19/19 MP: 1/5
   720 | D:1      | Found a faded altar of an unknown god.
   761 | D:1      | Got Plato's Cyclopedia of the Iceberg
   764 | D:1      | Learned a level 1 spell: Freeze
  1200 | D:2      | Reached XP level 3. HP: 24/24 MP: 3/6
  1959 | D:3      | HP: 1/24 [goblin/sling bullet (2)]
  1959 | D:3      | Noticed Sigmund
  1960 | D:3      | Reached skill level 5 in Necromancy
  1960 | D:3      | Reached XP level 4. HP: 1/30 MP: 0/8
  2292 | D:3      | Noticed a phantom
  2534 | D:2      | Learned a level 4 spell: Animate Dead
  2671 | D:3      | Identified a scroll of acquirement
  2671 | D:3      | Acquired a +0 rapier of speed
  2828 | D:3      | Killed Sigmund
  2829 | D:3      | Reached skill level 6 in Necromancy
  2829 | D:3      | Reached XP level 5. HP: 23/35 MP: 0/10
  2829 | D:3      | Reached XP level 6. HP: 27/41 MP: 0/11
  3049 | D:3      | Found a shimmering blue altar of Sif Muna.
  3804 | D:4      | Noticed a black bear
  3804 | D:4      | Noticed an ogre
  3869 | D:4      | Found a staircase to the Ecumenical Temple.
  4160 | D:4      | Killed an ogre
  4161 | D:4      | Reached XP level 7. HP: 46/46 MP: 6/13
  4282 | D:3      | Slain by a black bear

Illustrated notes

Levels and vault maps discovered:
D:1:      dpeg_arrival_radiant, layout_basic,
          shapermc_ecumenical_altar_rom_forum, minmay_tromino_v4_b
D:2:      layout_basic, hex_large, grunt_decor_cap
D:3:      layout_basic, nicolae_sif_muna_little_library, uniq_sigmund
D:4:      layout_cave_pools, minmay_temple_entry_proselytizer

Skill      XL: |  1  2  3  4  5  6 |
---------------+-------------------+-----
Necromancy     | 5 6 |  6.9
Spellcasting   | 3 4 |  4.0
Fighting       | |  0.9
Short Blades   | |  0.4
Dodging        | |  2.0
Stealth        | |  2.0

Action                   |  1- 3 |  4- 6 |  7- 9 || total
-------------------------+-------+-------+-------++-------
Melee: Unarmed           |    18 |       |       ||    18
       Rapier            |       |    15 |       ||    15
       Punch             |       |     1 |       ||     1
 Cast: Necrotise         |    55 |    54 |    14 ||   123
       Freeze            |     1 |     9 |       ||    10
  Use: Scroll            |       |     7 |       ||     7
       Potion            |       |     1 |       ||     1
Armor: Robe              |    10 |     5 |     5 ||    20
Dodge: Dodged            |    35 |    26 |    10 ||    71

Table legend: (Time is in decaauts)
 A = Elapsed time spent in this place.
 B = Non-inter-level travel time spent in this place.
 C = Inter-level travel time spent in this place.
 D = Time resting spent in this place.
 E = Time spent auto-exploring this place.
 F = Levels seen in this place.
 G = Mean time per level.
                   A        B        C        D        E       F      G
               +--------+--------+--------+--------+--------+-----+--------+
         Total |   4286 |   3939 |    347 |    914 |   2581 |   4 | 1071.5 |
       Dungeon |   4286 |   3939 |    347 |    914 |   2581 |   4 | 1071.5 |
               +--------+--------+--------+--------+--------+-----+--------+

Top non-repeatable levels by time:
     D:2: 1571 daAuts
     D:3: 1483 daAuts
     D:1: 1117 daAuts
     D:4: 114 daAuts
